[Event "27th Kavala Open 2018"]
[Site "Kavala"]
[Date "2018.08.11"]
[Round "9"]
[White "Nevednichy, Vladislav"]
[Black "Stathopoulos, Ioannis"]
[Result "1-0"]
[ECO "B51"]
[WhiteElo "2550"]
[BlackElo "2325"]
[Annotator "ChessBase"]
[PlyCount "46"]
[EventDate "2018.08.06"]
[EventType "swiss"]
[EventCountry "GRE"]
[SourceTitle "playchess.com"]
[Source "ChessBase"]
[SourceQuality "1"]
[TimeControl "40/5400+30:900+30"]

1. e4 c5 2. Nf3 d6 3. Bb5+ Nc6 4. O-O Bd7 5. Re1 Nf6 6. c3 a6 7. Bc4 Bg4 8. d4 cxd4 9. cxd4 e5 10. Be3 Be7 11. d5 Nb8 12. Nbd2 Nbd7 13. a4 a5 14. h3 Bh5 15. Bd3 b6 16. Qb1 Bg6 17. Ra3 Nc5 18. Bb5+ Nfd7 19. Bxc5 bxc5 20. Nc4 O-O 21. Bxd7 Qxd7 22. Nb6 Qb7 23. Nxa8 Rxa8 1-0

[Event "27th Kavala Open 2018"]
[Site "Kavala"]
[Date "2018.08.11"]
[Round "9"]
[White "Theodorou, Nikolas"]
[Black "Plat, Vojtech"]
[Result "1/2-1/2"]
[ECO "A45"]
[WhiteElo "2532"]
[BlackElo "2524"]
[Annotator "ChessBase"]
[PlyCount "89"]
[EventDate "2018.08.06"]
[EventType "swiss"]
[EventCountry "GRE"]
[SourceTitle "playchess.com"]
[Source "ChessBase"]
[SourceQuality "1"]
[TimeControl "40/5400+30:900+30"]

1. d4 Nf6 2. Nc3 d6 3. Nf3 Bf5 4. Bf4 e6 5. e3 Nbd7 6. Bd3 Bg6 7. Bxg6 hxg6 8. e4 c6 9. Qd3 Qa5 10. Bd2 Qa6 11. Qxa6 bxa6 12. O-O-O d5 13. h3 Bb4 14. e5 Bxc3 15. Bxc3 Ne4 16. Be1 c5 17. dxc5 Nexc5 18. Bb4 Rc8 19. Rhe1 Rh5 20. Bc3 Ke7 21. Bd4 Rhh8 22. Re3 Rc6 23. Ra3 Rb8 24. Be3 Rc7 25. Rd4 Rbc8 26. Rh4 Ne4 27. c3 Ndc5 28. Kc2 Rb7 29. Rh7 Rcb8 30. b4 Nd7 31. Rxg7 a5 32. Rxa5 Rc7 33. Ra3 Rxb4 34. Rg8 Rbc4 35. Bd4 Nb6 36. Rb8 Na4 37. Rbb3 a5 38. h4 Kf8 39. g3 Kg7 40. g4 Kh7 41. Kd3 Nac5+ 42. Ke3 Nxb3 43. axb3 Rxc3+ 44. Bxc3 Rxc3+ 45. Ke2 1/2-1/2

[Event "27th Kavala Open 2018"]
[Site "Kavala"]
[Date "2018.08.11"]
[Round "9"]
[White "Kelires, Andreas"]
[Black "Lin, Chen"]
[Result "0-1"]
[ECO "D15"]
[WhiteElo "2531"]
[BlackElo "2506"]
[Annotator "RC"]
[PlyCount "102"]
[EventDate "2018.08.06"]
[EventType "swiss"]
[EventCountry "GRE"]
[SourceTitle "playchess.com"]
[Source "ChessBase"]
[SourceQuality "1"]
[TimeControl "40/5400+30:900+30"]

1. d4 d5 2. c4 c6 3. Nf3 Nf6 4. Nc3 a6 5. e3 Bf5 6. Be2 e6 7. Nh4 Bg6 8. Nxg6 hxg6 9. Qc2 Nbd7 10. b3 Bb4 11. Bd2 Qe7 12. f3 e5 13. c5 O-O 14. O-O exd4 15. exd4 Nxc5 16. Nxd5 Nxd5 17. Bxb4 Qe3+ 18. Kh1 Nxb3 19. axb3 Nxb4 20. Qc5 Qxe2 21. Qxb4 Qb5 22. Qc3 Rfe8 23. h3 Rad8 24. Rfd1 Qg5 25. Re1 Qf4 26. Qb4 Qc7 27. Qc5 Qd7 28. Qb4 Kh7 29. Rad1 f6 30. Re4 Qf7 31. Rde1 Rxe4 32. fxe4 Rd7 33. e5 Qe6 34. Qc3 a5 35. Re4 Rd5 36. Rh4+ Kg8 37. exf6 Qxf6 38. Rg4 Rf5 39. Qg3 g5 40. Re4 Rf4 41. Re5 b5 42. Rxg5 Rf1+ 43. Kh2 Qxd4 44. h4 Qf6 45. Qb8+ Qf8 46. Qg3 Rf5 47. Rg4 Qe7 48. Qd3 Rd5 49. Qf3 Qe5+ 50. Rg3 Rd4 51. Kg1 Rxh4 0-1

[Event "27th Kavala Open 2018"]
[Site "Kavala"]
[Date "2018.08.11"]
[Round "9"]
[White "Dimitrov, Radoslav"]
[Black "Ni, Shiqun"]
[Result "1-0"]
[ECO "D02"]
[WhiteElo "2518"]
[BlackElo "2436"]
[Annotator "ChessBase"]
[PlyCount "93"]
[EventDate "2018.08.06"]
[EventType "swiss"]
[EventCountry "GRE"]
[SourceTitle "playchess.com"]
[Source "ChessBase"]
[SourceQuality "1"]
[TimeControl "40/5400+30:900+30"]

1. d4 d5 2. Nf3 Bf5 3. c4 e6 4. Nc3 c6 5. Qb3 Qb6 6. c5 Qc7 7. Bf4 Qc8 8. e3 Be7 9. Be2 Nd7 10. O-O Ngf6 11. h3 Ne4 12. Nxe4 Bxe4 13. Qc3 O-O 14. b4 b6 15. Ne5 bxc5 16. bxc5 Nxe5 17. Bxe5 Bd8 18. Bd3 Bc7 19. Bxe4 dxe4 20. Bxc7 Qxc7 21. Qc2 f5 22. Rab1 Rac8 23. Rb4 Qe7 24. Rfb1 Rc7 25. Qb3 Kf7 26. Rb8 Rxb8 27. Qxb8 Kg6 28. a4 e5 29. dxe5 Qxe5 30. Rd1 Re7 31. Rd6+ Kf7 32. Qb3+ Kf8 33. Rxc6 Qa1+ 34. Kh2 Qe5+ 35. g3 g6 36. Rc8+ Kg7 37. c6 Kh6 38. Rd8 Qc7 39. Qd5 Re5 40. Qd4 Re6 41. Rd7 Qe5 42. c7 Qxd4 43. exd4 Rc6 44. d5 Rc2 45. Kg1 Rc1+ 46. Kg2 Rc2 47. Kf1 1-0

[Event "27th Kavala Open 2018"]
[Site "Kavala"]
[Date "2018.08.11"]
[Round "9"]
[White "Markidis, Konstantinos"]
[Black "Markelova, Lubov"]
[Result "1/2-1/2"]
[ECO "C02"]
[WhiteElo "2335"]
[BlackElo "2143"]
[Annotator "NA"]
[PlyCount "27"]
[EventDate "2018.08.06"]
[EventType "swiss"]
[EventCountry "GRE"]
[SourceTitle "playchess.com"]
[Source "ChessBase"]
[SourceQuality "1"]
[TimeControl "40/5400+30:900+30"]

1. e4 e6 2. d4 d5 3. e5 c5 4. c3 Qb6 5. Nf3 Nc6 6. a3 Nh6 7. b4 cxd4 8. b5 Na5 9. Bxh6 gxh6 10. cxd4 Bd7 11. Nbd2 Rg8 12. g3 Rc8 13. a4 Bb4 14. Rb1 1/2-1/2

[Event "27th Kavala Open 2018"]
[Site "Kavala"]
[Date "2018.08.11"]
[Round "9"]
[White "Charkhalashvili, Inga"]
[Black "Gouloutis, Nikolaos"]
[Result "1/2-1/2"]
[ECO "E00"]
[WhiteElo "2313"]
[BlackElo "2391"]
[Annotator "NA"]
[PlyCount "64"]
[EventDate "2018.08.06"]
[EventType "swiss"]
[EventCountry "GRE"]
[SourceTitle "playchess.com"]
[Source "ChessBase"]
[SourceQuality "1"]
[TimeControl "40/5400+30:900+30"]

1. d4 e6 2. c4 Bb4+ 3. Bd2 a5 4. Nf3 d6 5. g3 Nc6 6. Bg2 e5 7. O-O exd4 8. Bxb4 axb4 9. Nxd4 Nxd4 10. Qxd4 Qf6 11. Qd2 c5 12. Rd1 Ra6 13. Qc1 Qe7 14. Nd2 Nf6 15. a3 O-O 16. axb4 Rxa1 17. Qxa1 Qxe2 18. bxc5 dxc5 19. Bf1 Qh5 20. Re1 Rd8 21. Qa5 b6 22. Qc3 Bb7 23. Re7 Ba8 24. Bg2 Qd1+ 25. Nf1 Bxg2 26. Kxg2 Qd6 27. Re1 h5 28. h4 Qc6+ 29. Qf3 Qxf3+ 30. Kxf3 Ng4 31. Ke2 Re8+ 32. Ne3 Nxe3 1/2-1/2

[Event "27th Kavala Open 2018"]
[Site "Kavala"]
[Date "2018.08.11"]
[Round "9"]
[White "Naoum, Spyridon"]
[Black "Iskos, Alexandros"]
[Result "1/2-1/2"]
[ECO "E20"]
[WhiteElo "2302"]
[BlackElo "2179"]
[Annotator "ChessBase"]
[PlyCount "154"]
[EventDate "2018.08.06"]
[EventType "swiss"]
[EventCountry "GRE"]
[SourceTitle "playchess.com"]
[Source "ChessBase"]
[SourceQuality "1"]
[TimeControl "40/5400+30:900+30"]

1. d4 Nf6 2. c4 e6 3. Nc3 Bb4 4. g3 Bxc3+ 5. bxc3 d6 6. Bg2 O-O 7. Nf3 Nc6 8. c5 e5 9. O-O e4 10. Nd2 Re8 11. d5 Nb8 12. Qa4 Qe7 13. cxd6 cxd6 14. Qd4 Nbd7 15. Nc4 b6 16. Bf4 Ne5 17. Bg5 Ba6 18. Nd2 Bxe2 19. Rfe1 Bf3 20. Nxe4 Bxe4 21. Rxe4 h6 22. Bxf6 Qxf6 23. Rae1 Rec8 24. f4 Ng4 25. Bh3 Qxd4+ 26. Rxd4 h5 27. Bxg4 hxg4 28. Re3 Rc5 29. f5 Rac8 30. Rxg4 Rxc3 31. Rxc3 Rxc3 32. f6 g6 33. Re4 Rf3 34. Re8+ Kh7 35. Re7 Rxf6 36. Rxa7 Rf5 37. Rd7 Rxd5 38. Rxf7+ Kh6 39. Rf2 Ra5 40. Kg2 Ra3 41. Kh3 d5 42. Rd2 d4 43. Kg4 d3 44. Kf4 b5 45. h3 b4 46. Rb2 b3 47. axb3 d2 48. Rxd2 Rxb3 49. Re2 Rb5 50. Re5 Rb4+ 51. Re4 Rb5 52. Kg4 Rg5+ 53. Kf3 Rf5+ 54. Rf4 Ra5 55. Re4 Rf5+ 56. Kg2 Ra5 57. Re8 Ra3 58. h4 Ra4 59. Kh3 Rb4 60. Rf8 Ra4 61. Rf4 Ra3 62. Re4 Rb3 63. Kg4 Rb1 64. Re3 Rb4+ 65. Kf3 Ra4 66. g4 Rb4 67. Re8 Rb3+ 68. Kf4 Rb4+ 69. Re4 Rb5 70. Re5 Rb4+ 71. Re4 Rb5 72. Kf3 Rb3+ 73. Re3 Rb4 74. Kg3 Ra4 75. Rf3 Rb4 76. Ra3 Rc4 77. h5 gxh5 1/2-1/2

[Event "27th Kavala Open 2018"]
[Site "Kavala"]
[Date "2018.08.11"]
[Round "9"]
[White "Megalios, Konstantinos"]
[Black "Tsolakidou, Stavroula"]
[Result "1-0"]
[ECO "A61"]
[WhiteElo "2292"]
[BlackElo "2418"]
[Annotator "NA RC"]
[PlyCount "83"]
[EventDate "2018.08.06"]
[EventType "swiss"]
[EventCountry "GRE"]
[SourceTitle "playchess.com"]
[Source "ChessBase"]
[SourceQuality "1"]
[TimeControl "40/5400+30:900+30"]

1. d4 Nf6 2. c4 e6 3. Nf3 c5 4. d5 d6 5. Nc3 exd5 6. cxd5 g6 7. Bf4 a6 8. e4 b5 9. Be2 Bb7 10. Qc2 Bg7 11. O-O O-O 12. a4 b4 13. Nb1 Re8 14. Bd3 Nh5 15. Bg5 Bf6 16. Be3 Nd7 17. Nbd2 a5 18. Nc4 Nb6 19. Nfd2 Nxc4 20. Bxc4 Bg7 21. Rae1 Qc7 22. b3 Rf8 23. f4 Nf6 24. Kh1 Nd7 25. e5 dxe5 26. f5 Nb6 27. Ne4 Bxd5 28. Bxd5 Nxd5 29. f6 Bh8 30. Bxc5 Rfc8 31. Qd2 Nc3 32. Be7 Ra6 33. Nd6 e4 34. Nxc8 Qxc8 35. Rf5 Ra8 36. Rh5 Qg4 37. Rxa5 Rc8 38. Rc5 Re8 39. Rc7 Qe6 40. Qd7 Qxd7 41. Rxd7 h5 42. a5 1-0

[Event "27th Kavala Open 2018"]
[Site "Kavala"]
[Date "2018.08.11"]
[Round "9"]
[White "Alexakis, Georgios"]
[Black "Schitco, Ivan"]
[Result "0-1"]
[ECO "B07"]
[WhiteElo "2056"]
[BlackElo "2377"]
[Annotator "NA"]
[PlyCount "74"]
[EventDate "2018.08.06"]
[EventType "swiss"]
[EventCountry "GRE"]
[SourceTitle "playchess.com"]
[Source "ChessBase"]
[SourceQuality "1"]
[TimeControl "40/5400+30:900+30"]

1. e4 d6 2. d4 Nf6 3. Nc3 g6 4. f3 c6 5. Be3 Nbd7 6. Qd2 b5 7. g4 Bg7 8. a3 Nb6 9. h4 h5 10. g5 Nfd7 11. f4 Nc4 12. Bxc4 bxc4 13. Nge2 Nb6 14. Ng3 d5 15. e5 Bg4 16. O-O e6 17. Nce2 a5 18. Kh2 O-O 19. Rac1 Qc7 20. c3 Rfb8 21. Rc2 Na4 22. Rb1 Rb3 23. Nc1 Rb6 24. b4 cxb3 25. Rxb3 Rab8 26. Rxb6 Nxb6 27. Ra2 Nc4 28. Qf2 Bf8 29. a4 Qb6 30. Nf1 Qb1 31. Nd2 Qxc1 32. Nxc4 Qxc3 33. Rc2 Qa1 34. Nxa5 Rb1 35. Ra2 Rh1+ 36. Kg2 Qb1 37. Rc2 Bf5 0-1